TOP OF THE 1ST |
Put-In-Bay BC batting - Pitching for Idaho Falls Chukars : RHP Zuo-lin Liang
|
Pitching: RHP Zuo-lin Liang
|
|
Batting: LHB Javier Castro
|
0-0: Ball 1-0: Bunted foul 1-1: Ball 2-1: Ball 3-1: Base on Balls
|
Batting: RHB Tom Hendrickson
|
0-0: Called Strike 0-1: Ball 1-1: Foul Ball, location: 2F 1-2: Foul Ball, location: 2F 1-2: Reached on error, E5 (Groundball, 56, EV 81.2 MPH) Javier Castro to second
|
Batting: LHB Snow Wang
|
0-0: Ball 1-0: Called Strike 1-1: Swinging Strike 1-2: Ball 2-2: Ball 3-2: SINGLE (Groundball, 4MD, EV 103.1 MPH) Javier Castro to third Tom Hendrickson to second
|
Batting: LHB Sergio Morán
|
0-0: Ball 1-0: SINGLE (Groundball, 4S, EV 66.9 MPH) (infield hit) Javier Castro scores Tom Hendrickson to third Snow Wang to second
|
Batting: RHB Martin Payton
|
0-0: Called Strike 0-1: Foul Ball, location: 2F 0-2: Ball 1-2: Ball 2-2: Strikes out looking
|
Batting: LHB Blake Camden
|
0-0: Ball 1-0: Ball 2-0: Foul Ball, location: 2F 2-1: Swinging Strike 2-2: Ball 3-2: Strikes out swinging
|
Batting: RHB Andy Noonkester
|
0-0: Fly out, F8 (Line Drive, 8RM, EV 105.0 MPH)
|
Top of the 1st over - 1 run, 2 hits, 1 error, 3 left on base; Put-In-Bay 1 - Idaho Falls 0 |
BOTTOM OF THE 1ST |
Idaho Falls Chukars batting - Pitching for Put-In-Bay BC : RHP Jeremy Brody
|
Pitching: RHP Jeremy Brody
|
|
Batting: SHB Koryusai Ohayashi
|
0-0: Ball 1-0: Ball 2-0: Called Strike 2-1: Ball 3-1: Foul Ball, location: 2F 3-2: SINGLE (Flyball, 9S, EV 87.5 MPH)
|
Batting: LHB Doyle Berkey
|
0-0: Fly out, F9 (Flyball, 89XD, EV 105.0 MPH)
|
Batting: RHB Vinnie Nuyten
|
0-0: Ball 1-0: Ball 2-0: Foul Ball, location: 2F 2-1: DOUBLE (Line Drive, 7LM, EV 96.9 MPH) Koryusai Ohayashi to third
|
Batting: RHB César Vélez
|
0-0: Ground out 6-3 (Groundball, 6M, EV 83.1 MPH) Koryusai Ohayashi scores Vinnie Nuyten to third
|
Batting: RHB Richard Forrest
|
0-0: Ball 1-0: DOUBLE (Flyball, 78D, EV 98.1 MPH) Vinnie Nuyten scores
|
Batting: LHB Emosi Whiu
|
0-0: Swinging Strike 0-1: Ball 1-1: Ball 2-1: Ball 3-1: Base on Balls
|
Batting: SHB Oscar Henson
|
0-0: Foul Ball, location: 2F 0-1: Foul Ball, location: 2F 0-2: Ground out 3-1 (Groundball, 34, EV 103.8 MPH)
|
Bottom of the 1st over - 2 runs, 3 hits, 0 errors, 2 left on base; Put-In-Bay 1 - Idaho Falls 2 |
TOP OF THE 2ND |
Put-In-Bay BC batting - Pitching for Idaho Falls Chukars : RHP Zuo-lin Liang
|
Batting: RHB Victor Haley
|
0-0: Ball 1-0: Foul Ball, location: 2F 1-1: Foul Ball, location: 2F 1-2: Strikes out swinging
|
Batting: RHB Kent Potter
|
0-0: Swinging Strike 0-1: Foul Ball, location: 2F 0-2: Fly out, F8 (Flyball, 8LD, EV 90.6 MPH)
|
Batting: LHB Javier Castro
|
0-0: Called Strike 0-1: Foul Ball, location: 2F 0-2: SINGLE (Line Drive, 89S, EV 88.1 MPH)
|
Batting: RHB Tom Hendrickson
|
0-0: Called Strike 0-1: Foul Ball, location: 2F 0-2: Strikes out swinging
|
Top of the 2nd over - 0 runs, 1 hit, 0 errors, 1 left on base; Put-In-Bay 1 - Idaho Falls 2 |
BOTTOM OF THE 2ND |
Idaho Falls Chukars batting - Pitching for Put-In-Bay BC : RHP Jeremy Brody
|
Batting: SHB Joe Middleton
|
0-0: Ball 1-0: Ball 2-0: Called Strike 2-1: Ball 3-1: Base on Balls
|
Batting: RHB Javier Botín
|
0-0: Called Strike 0-1: Swinging Strike 0-2: Grounds into double play, 4-6-3 (Groundball, 4S, EV 91.2 MPH)
|
Batting: SHB Koryusai Ohayashi
|
0-0: Called Strike 0-1: Ball 1-1: Swinging Strike 1-2: Fly out, F8 (Flyball, 8RM, EV 85.0 MPH)
|
Bottom of the 2nd over - 0 runs, 0 hits, 0 errors, 0 left on base; Put-In-Bay 1 - Idaho Falls 2 |
TOP OF THE 3RD |
Put-In-Bay BC batting - Pitching for Idaho Falls Chukars : RHP Zuo-lin Liang
|
Batting: LHB Snow Wang
|
0-0: Ball 1-0: Called Strike 1-1: Ball 2-1: Foul Ball, location: 2F 2-2: Ball 3-2: Base on Balls
|
Batting: LHB Sergio Morán
|
0-0: Called Strike 0-1: Ball 1-1: Foul Ball, location: 2F 1-2: Strikes out swinging
|
Batting: RHB Martin Payton
|
0-0: Called Strike 0-1: Ball 1-1: Foul Ball, location: 2F 1-2: Strikes out swinging
|
Batting: LHB Blake Camden
|
0-0: Ground out 4-3 (Groundball, 4, EV 88.8 MPH)
|
Top of the 3rd over - 0 runs, 0 hits, 0 errors, 1 left on base; Put-In-Bay 1 - Idaho Falls 2 |
BOTTOM OF THE 3RD |
Idaho Falls Chukars batting - Pitching for Put-In-Bay BC : RHP Jeremy Brody
|
Batting: LHB Doyle Berkey
|
0-0: SINGLE (Groundball, 56D, EV 105.0 MPH)
|
Batting: RHB Vinnie Nuyten
|
0-0: Called Strike 0-1: Grounds into double play, 6-4-3 (Groundball, 6, EV 104.4 MPH)
|
Batting: RHB César Vélez
|
0-0: Foul Ball, location: 2F 0-1: Foul Ball, location: 2F 0-2: Fly out, F8 (Flyball, 8RS, EV 86.2 MPH)
|
Bottom of the 3rd over - 0 runs, 1 hit, 0 errors, 0 left on base; Put-In-Bay 1 - Idaho Falls 2 |
TOP OF THE 4TH |
Put-In-Bay BC batting - Pitching for Idaho Falls Chukars : RHP Zuo-lin Liang
|
Batting: RHB Andy Noonkester
|
0-0: Ball 1-0: Called Strike 1-1: DOUBLE (Flyball, 78XD, EV 99.4 MPH)
|
Batting: RHB Victor Haley
|
0-0: Called Strike 0-1: Called Strike 0-2: Foul Ball, location: 2F 0-2: Ball 1-2: Strikes out looking
|
Batting: RHB Kent Potter
|
0-0: SINGLE (Groundball, 6MD, EV 103.8 MPH) Andy Noonkester to third Runner from 3rd tries for Home, SAFE, no throw by CF
|
Batting: LHB Javier Castro
|
0-0: Ball 1-0: Grounds into double play, 6-4-3 (Groundball, 6, EV 80.6 MPH)
|
Top of the 4th over - 1 run, 2 hits, 0 errors, 0 left on base; Put-In-Bay 2 - Idaho Falls 2 |
BOTTOM OF THE 4TH |
Idaho Falls Chukars batting - Pitching for Put-In-Bay BC : RHP Jeremy Brody
|
Batting: RHB Richard Forrest
|
0-0: Ball 1-0: Called Strike 1-1: Ball 2-1: Ball 3-1: Foul Ball, location: 2F 3-2: Base on Balls
|
Batting: LHB Emosi Whiu
|
0-0: Ball 1-0: Ball Richard Forrest is caught stealing 2nd base 2-6 2-0: DOUBLE (Groundball, 3L, EV 98.1 MPH)
|
Batting: SHB Oscar Henson
|
0-0: Called Strike 0-1: Swinging Strike 0-2: Ball 1-2: Strikes out looking
|
Batting: SHB Joe Middleton
|
0-0: Ball 1-0: Called Strike 1-1: Swinging Strike 1-2: Strikes out looking
|
Bottom of the 4th over - 0 runs, 1 hit, 0 errors, 1 left on base; Put-In-Bay 2 - Idaho Falls 2 |
TOP OF THE 5TH |
Put-In-Bay BC batting - Pitching for Idaho Falls Chukars : RHP Zuo-lin Liang
|
Batting: RHB Tom Hendrickson
|
0-0: Called Strike 0-1: Foul Ball, location: 2F 0-2: Ball 1-2: Ground out 6-3 (Groundball, 6S, EV 66.2 MPH)
|
Batting: LHB Snow Wang
|
0-0: Ball 1-0: Called Strike 1-1: Foul Ball, location: 2F 1-2: Ground out 4-3 (Groundball, 34, EV 81.2 MPH)
|
Batting: LHB Sergio Morán
|
0-0: Called Strike 0-1: Called Strike 0-2: Ball 1-2: Ball 2-2: Strikes out swinging
|
Top of the 5th over - 0 runs, 0 hits, 0 errors, 0 left on base; Put-In-Bay 2 - Idaho Falls 2 |
BOTTOM OF THE 5TH |
Idaho Falls Chukars batting - Pitching for Put-In-Bay BC : RHP Jeremy Brody
|
Batting: RHB Javier Botín
|
0-0: Ball 1-0: Ball 2-0: Called Strike 2-1: Ball 3-1: Base on Balls
|
Batting: SHB Koryusai Ohayashi
|
0-0: Sac Bunt to 13 - play at first, batter safe! Javier Botín to second
|
Batting: LHB Doyle Berkey
|
0-0: Ball 1-0: Ball 2-0: Called Strike 2-1: Called Strike 2-2: Ball 3-2: Foul Ball, location: 2F 3-2: Foul Ball, location: 2F 3-2: Foul Ball, location: 2F 3-2: Foul Ball, location: 2F 3-2: Fielders Choice at 2nd, 5-4 (Groundball, 56, EV 80.6 MPH) Javier Botín to third
|
Batting: RHB Vinnie Nuyten
|
0-0: Foul Ball, location: 2F 0-1: Ball 1-1: Called Strike 1-2: Ball 2-2: Ball 3-2: DOUBLE (Flyball, 78XD, EV 106.2 MPH) Javier Botín scores Doyle Berkey to third
|
Batting: RHB César Vélez
|
0-0: Foul Ball, location: 2F 0-1: Fly out, F8 (Flyball, 8RM, EV 83.1 MPH) Runner from 3rd tags up, SCORES, throw by CF
|
Batting: RHB Richard Forrest
|
0-0: Foul Ball, location: 2F 0-1: Ball 1-1: Ball 2-1: Called Strike 2-2: Ball 3-2: Foul Ball, location: 2F 3-2: Foul Ball, location: 2F 3-2: Foul Ball, location: 2F 3-2: Strikes out swinging
|
Bottom of the 5th over - 2 runs, 2 hits, 0 errors, 1 left on base; Put-In-Bay 2 - Idaho Falls 4 |
TOP OF THE 6TH |
Put-In-Bay BC batting - Pitching for Idaho Falls Chukars : RHP Zuo-lin Liang
|
Batting: RHB Martin Payton
|
0-0: SINGLE (Flyball, 89S, EV 92.5 MPH)
|
Batting: LHB Blake Camden
|
0-0: Ball 1-0: Fielders Choice at 2nd, 6-4 (Groundball, 6M, EV 86.9 MPH)
|
Batting: RHB Andy Noonkester
|
0-0: Foul Ball, location: 2F 0-1: Foul Ball, location: 2F 0-2: Ball 1-2: Foul Ball, location: 2F 1-2: Strikes out swinging
|
Batting: RHB Victor Haley
|
0-0: Ball 1-0: Swinging Strike 1-1: Ball 2-1: Called Strike 2-2: Strikes out swinging
|
Top of the 6th over - 0 runs, 1 hit, 0 errors, 1 left on base; Put-In-Bay 2 - Idaho Falls 4 |
BOTTOM OF THE 6TH |
Idaho Falls Chukars batting - Pitching for Put-In-Bay BC : RHP Jeremy Brody
|
Batting: LHB Emosi Whiu
|
0-0: Ball 1-0: Ball 2-0: Called Strike 2-1: Fly out, F7 (Flyball, 7, EV 94.4 MPH)
|
Batting: SHB Oscar Henson
|
0-0: Called Strike 0-1: Swinging Strike 0-2: Ball 1-2: Foul Ball, location: 2F 1-2: Ground out 4-3 (Groundball, 4, EV 84.4 MPH)
|
Batting: SHB Joe Middleton
|
0-0: Ball 1-0: Foul Ball, location: 2F 1-1: Ball 2-1: Ball 3-1: Called Strike 3-2: SINGLE (Groundball, 4D, EV 97.5 MPH)
|
Batting: RHB Javier Botín
|
0-0: Ball 1-0: DOUBLE (Flyball, 8LD, EV 91.2 MPH) Joe Middleton to third
|
Batting: SHB Koryusai Ohayashi
|
0-0: Ball 1-0: Called Strike 1-1: Ball 2-1: Ball 3-1: Ground out 4-3 (Groundball, 4, EV 85.0 MPH)
|
Bottom of the 6th over - 0 runs, 2 hits, 0 errors, 2 left on base; Put-In-Bay 2 - Idaho Falls 4 |
TOP OF THE 7TH |
Put-In-Bay BC batting - Pitching for Idaho Falls Chukars : RHP Zuo-lin Liang
|
Batting: RHB Kent Potter
|
0-0: Ball 1-0: Foul Ball, location: 2F 1-1: Foul Ball, location: 2F 1-2: Foul Ball, location: 2F 1-2: Foul Ball, location: 2F 1-2: Strikes out swinging
|
Batting: LHB Javier Castro
|
0-0: Fly out, F9 (Flyball, 9, EV 93.8 MPH)
|
Batting: RHB Tom Hendrickson
|
0-0: Foul Ball, location: 2F 0-1: Foul Ball, location: 2F 0-2: Fly out, F9 (Line Drive, 89S, EV 86.9 MPH)
|
Top of the 7th over - 0 runs, 0 hits, 0 errors, 0 left on base; Put-In-Bay 2 - Idaho Falls 4 |
BOTTOM OF THE 7TH |
Idaho Falls Chukars batting - Pitching for Put-In-Bay BC : RHP Jeremy Brody
|
Pitching: LHP Luca Boccasino
|
|
Batting: LHB Doyle Berkey
|
0-0: Called Strike 0-1: Swinging Strike 0-2: Ground out 3-1 (Groundball, 34, EV 83.1 MPH)
|
Batting: RHB Vinnie Nuyten
|
0-0: Ball 1-0: Called Strike 1-1: Swinging Strike 1-2: Ground out 5-3 (Groundball, 5L, EV 91.9 MPH)
|
Batting: RHB César Vélez
|
0-0: Called Strike 0-1: Ground out 1-3 (Groundball, 15S, EV 61.9 MPH)
|
Bottom of the 7th over - 0 runs, 0 hits, 0 errors, 0 left on base; Put-In-Bay 2 - Idaho Falls 4 |
TOP OF THE 8TH |
Put-In-Bay BC batting - Pitching for Idaho Falls Chukars : RHP Zuo-lin Liang
|
Now at C: Jesús Sánchez
|
|
Now at 2B: Jon Hill
|
|
Batting: LHB Snow Wang
|
0-0: Ball 1-0: Ball 2-0: SINGLE (Line Drive, 78M, EV 96.9 MPH)
|
Pitching: RHP Masao Myoga
|
|
Batting: LHB Sergio Morán
|
0-0: Ball 1-0: Foul Ball, location: 2F 1-1: Ball 2-1: Ball 3-1: Base on Balls Snow Wang to second
|
Pinch Hitting: SHB Ángel García
|
0-0: Foul Ball, location: 2F 0-1: Ball 1-1: Foul Ball, location: 2F 1-2: Foul Ball, location: 2F 1-2: Ball 2-2: SINGLE (Groundball, 34D, EV 95.0 MPH) Snow Wang to third Sergio Morán to second
|
Batting: LHB Blake Camden
|
0-0: Swinging Strike 0-1: Ball 1-1: Foul Ball, location: 2F 1-2: Fly out, F9 (Flyball, 89S, EV 92.5 MPH)
|
Pinch Hitting: SHB Reginald Gibson
|
0-0: Ball 1-0: Called Strike 1-1: Ball 2-1: Foul Ball, location: 2F 2-2: Ball 3-2: Base on Balls Snow Wang scores Sergio Morán to third Ángel García to second
|
Pinch Hitting: LHB Joseph Wallace
|
0-0: Ball 1-0: Ball 2-0: Ball 3-0: Called Strike 3-1: Base on Balls Sergio Morán scores Ángel García to third Reginald Gibson to second
|
Pitching: LHP Camillo Vialli
|
|
Batting: RHB Kent Potter
|
0-0: Swinging Strike 0-1: Swinging Strike 0-2: Strikes out swinging
|
Batting: LHB Javier Castro
|
0-0: Ball 1-0: Ball 2-0: Ball 3-0: Base on Balls Ángel García scores Reginald Gibson to third Joseph Wallace to second
|
Batting: RHB Tom Hendrickson
|
0-0: Ball 1-0: Foul Ball, location: 2F 1-1: Foul Ball, location: 2F 1-2: Ground out 1-3 (Groundball, 15, EV 86.2 MPH)
|
Top of the 8th over - 3 runs, 2 hits, 0 errors, 3 left on base; Put-In-Bay 5 - Idaho Falls 4 |
BOTTOM OF THE 8TH |
Idaho Falls Chukars batting - Pitching for Put-In-Bay BC : LHP Luca Boccasino
|
Now at 1B: Reginald Gibson
|
|
Now at 3B: Kiril Neuvel
|
|
Now in CF: Joseph Wallace
|
|
Batting: RHB Richard Forrest
|
0-0: Ball 1-0: Called Strike 1-1: Ball 2-1: Ground out 4-3 (Groundball, 34, EV 110.6 MPH)
|
Batting: LHB Emosi Whiu
|
0-0: Ground out U3 (Groundball, 3L, EV 101.9 MPH)
|
Batting: SHB Oscar Henson
|
0-0: Swinging Strike 0-1: Ball 1-1: Ground out 1-3 (Groundball, 13S, EV 72.5 MPH)
|
Bottom of the 8th over - 0 runs, 0 hits, 0 errors, 0 left on base; Put-In-Bay 5 - Idaho Falls 4 |
TOP OF THE 9TH |
Put-In-Bay BC batting - Pitching for Idaho Falls Chukars : LHP Camillo Vialli
|
Pitching: RHP Gary Podell
|
|
Batting: LHB Snow Wang
|
0-0: Foul Ball, location: 2F 0-1: Ball 1-1: Fly out, F8 (Flyball, 8RD, EV 100.0 MPH)
|
Batting: LHB Sergio Morán
|
0-0: Foul Ball, location: 2F 0-1: Ball 1-1: Called Strike 1-2: DOUBLE (Line Drive, 7LS, EV 107.5 MPH)
|
Batting: RHB Kiril Neuvel
|
0-0: Called Strike 0-1: Ball 1-1: Swinging Strike 1-2: Strikes out swinging
|
Batting: LHB Blake Camden
|
0-0: Swinging Strike 0-1: Called Strike 0-2: Ground out 1-3 (Groundball, P, EV 73.1 MPH)
|
Top of the 9th over - 0 runs, 1 hit, 0 errors, 1 left on base; Put-In-Bay 5 - Idaho Falls 4 |
BOTTOM OF THE 9TH |
Idaho Falls Chukars batting - Pitching for Put-In-Bay BC : LHP Luca Boccasino
|
Pitching: RHP Adam Durango
|
|
Batting: SHB Joe Middleton
|
0-0: Swinging Strike 0-1: Swinging Strike 0-2: Ball 1-2: Ball 2-2: Ball 3-2: Foul Ball, location: 2F 3-2: Strikes out swinging
|
Pinch Hitting: LHB Bobby McGrady
|
0-0: Ball 1-0: Foul Ball, location: 2F 1-1: Ball 2-1: DOUBLE (Line Drive, 7LS, EV 97.5 MPH)
|
Batting: RHB Jon Hill
|
0-0: Called Strike 0-1: Ball 1-1: Swinging Strike 1-2: Strikes out swinging
|
Batting: LHB Doyle Berkey
|
0-0: Foul Ball, location: 2F 0-1: Fly out, F5 (Popup, 56, EV 53.8 MPH)
|
Bottom of the 9th over - 0 runs, 1 hit, 0 errors, 1 left on base; Put-In-Bay 5 - Idaho Falls 4 |
|